 Dungeon Crawl Stone Soup version 0.29-a0-1052-g6990b1bffc (webtiles) character file.

Game seed: 14744188833478127554

25823 Zonian the Unseen (level 13, -1/75 HPs)
             Began as a Vine Stalker Ice Elementalist on Aug 17, 2022.
             Was a High Priest of Nemelex Xobeh.
             Slain by an eight-headed hydra (2 damage)
             ... on level 5 of the Lair of Beasts on Aug 18, 2022.
             The game lasted 00:48:13 (16488 turns).

Zonian the Unseen (Vine Stalker Ice Elementalist)  Turns: 16488, Time: 00:48:15

Health: -1/75      AC: 10    Str: 15    XL:     13   Next: 22%
Magic:  0/24       EV: 13    Int: 17    God:    Nemelex Xobeh [*****.]
Gold:   1025       SH:  0    Dex: 19    Spells: 14/25 levels left

rFire   . . .      SeeInvis .   m - +4 short sword (drain)
rCold   . . .      Faith    .   (no shield)
rNeg    + + +      Spirit   +   a - +0 robe
rPois   .          Reflect  .   A - +1 hat {Will+}
rElec   .          Harm     .   x - +0 cloak
rCorr   .          Rampage  .   g - +0 pair of gloves
Will    ++...                   e - +0 pair of boots
Stlth   ++++++....              (no amulet)
HPRegen 1.02/turn               o - +6 ring of dexterity
MPRegen 0.19/turn               F - ring "Ynniraux" {rN+++ AC+4 Str+4 Dex-5}

@: hasted, very quick
A: fangs 3, regeneration 1, magic shield, antimagic bite, no potion heal 2
a: Renounce Religion, Draw Escape, Draw Destruction, Draw Summoning, Triple
Draw, Deal Four, Stack Five


You were on level 5 of the Lair of Beasts.
You worshipped Nemelex Xobeh.
Nemelex Xobeh was extremely pleased with you.
You visited 2 branches of the dungeon, and saw 14 of its levels.
You also visited: Ossuary.

You collected 1366 gold pieces.
You spent 341 gold pieces at shops.

Inventory:

Hand Weapons
 m - a +4 short sword of draining (weapon)
 p - a +1 demon whip of electrocution
 z - a +0 sling
 L - a +3 quick blade
 P - a +5 scimitar
Missiles
 u - 3 boomerangs
 v - 14 curare-tipped darts
Armour
 a - a +0 robe (worn)
 d - a +2 hat
 e - a +0 pair of boots (worn)
 g - a +0 pair of gloves (worn)
 s - a +0 helmet
 x - a +0 cloak (worn)
 A - a +1 hat of willpower (worn)
 O - a +0 buckler
Jewellery
 n - a ring of protection from cold
 o - a +6 ring of dexterity (left hand)
 E - a ring of flight
 F - the ring "Ynniraux" (right hand) {rN+++ AC+4 Str+4 Dex-5}
   (You acquired it on level 5 of the Dungeon)

   [ring of protection]

   AC:        It affects your AC (+4).
   Str:       It affects your strength (+4).
   Dex:       It affects your dexterity (-5).
   rN:        It renders you almost immune to negative energy.
 M - a ring of protection from fire
 N - a +4 ring of evasion
 Q - a +4 ring of protection
 U - a ring of ice
 X - a ring of see invisible
Wands
 t - a wand of paralysis (10)
 w - a wand of digging (4)
 y - a wand of mindburst (18)
 C - a wand of acid (20)
 V - a wand of polymorph (4)
 Z - a wand of iceblast (13)
Scrolls
 j - 8 scrolls of teleportation
 l - a scroll of butterflies
 J - a scroll of amnesia
 K - 3 scrolls of enchant weapon
 S - a scroll of fear
 T - 4 scrolls of poison
 W - a scroll of enchant armour
Potions
 b - 3 potions of magic
 c - 5 potions of cancellation
 f - 3 potions of haste
 h - a potion of berserk rage {unknown}
 i - 2 potions of brilliance
 k - 3 potions of lignification
 q - 3 potions of might
 r - 8 potions of curing
 B - 4 potions of attraction
 D - 4 potions of resistance
 G - a potion of degeneration {unknown}
 H - a potion of flight {unknown}
 I - 3 potions of mutation
 R - 4 potions of ambrosia
 Y - a potion of experience {unknown}


   Skills:
 - Level 12.0 Fighting
 - Level 8.0 Short Blades
 - Level 2.3 Dodging
 - Level 15.0 Stealth
 - Level 4.0 Shields
 - Level 6.7 Spellcasting
 - Level 7.6 Ice Magic
 + Level 2.1 Evocations


You had 14 spell levels left.
You knew the following spells:

 Your Spells              Type           Power      Damage    Failure   Level
a - Freeze                Ice            100%       1d11      1%          1
b - Frozen Ramparts       Ice            62%        1d10      1%          3
c - Ozocubu's Armour      Ice            31%        N/A       1%          3
d - Hailstorm             Conj/Ice       18%        3d6       26%         4

Your spell library contained the following spells:

 Spells                   Type           Power      Damage    Failure   Level
 Beastly Appendage        Tmut           10%        N/A       12%         1
 Shock                    Conj/Air       20%        1d4       12%         1
 Sublimation of Blood     Necr           5%         N/A       19%         2
 Wereblood                Tmut           5%         N/A       19%         2
 Call Canine Familiar     Summ           5%         N/A       34%         3
 Conjure Flame            Conj/Fire      5%         6-21      34%         3
 Dazzling Flash           Conj/Hex       10%        N/A       34%         3
 Ignite Poison            Fire/Tmut/Pois 5%         N/A       34%         3
 Portal Projectile        Hex/Tloc       10%        N/A       34%         3
 Spider Form              Tmut/Pois      5%         N/A       34%         3
 Summon Guardian Golem    Hex/Summ       5%         N/A       34%         3
 Swiftness                Air            5%         N/A       34%         3
 Airstrike                Air            2%         2d(1-17)  75%         4
 Leda's Liquefaction      Hex/Erth       2%         N/A       75%         4
 Petrify                  Tmut/Erth      5%         N/A       75%         4
 Sticky Flame             Conj/Fire      5%         2d3       75%         4
 Agony                    Necr           5%         N/A       97%         5
 Irradiate                Conj/Tmut      2%         3d12      97%         5
 Silence                  Hex/Air        2%         N/A       97%         5
 Simulacrum               Ice/Necr       9%         N/A       98%         6
 Ozocubu's Refrigeration  Ice            15%        4d10      99%         7
 Orb of Destruction       Conj           2%         9d5       100%        7
 Spellforged Servitor     Conj/Summ      2%         N/A       100%        7


Dungeon Overview and Level Annotations

Branches:
Dungeon (9/15)             Temple (0/1) D:7            Lair (5/5) D:9
 Shoals (0/4) Lair:3        Snake (0/4) Lair:2          Orc (0/2) D:9
Ossuary (visited)
  Slime: Lair:4-5

Altars:
Elyvilon
Gozag
Makhleb
Nemelex Xobeh
Okawaru
Qazlal
Trog
Vehumet
Xom
Yredelemnul
Zin

Shops:
D:3 :   D:7 *

Annotations:
D:4 exclusion: ogre
Lair:3 3 runed translucent doors, greasedhog's ghost, journeyman GrIE


Innate Abilities, Weirdness & Mutations

You have razor-sharp teeth.
Your natural rate of healing is unusually fast.
When hurt, damage is shared between your health and your magic reserves.
Your bite disrupts and absorbs the magic of your enemies.
Potions cannot restore your health.


Message History

Unknown command.
You start resting.
HP restored.
You start resting.
Magic restored.
You start waiting.
Done waiting.
You start waiting.
Done waiting.
You start waiting.
Done waiting.
Unknown command.
There is a stone staircase leading down here.
You climb downwards.
The eight-headed hydra barely misses you.
The eight-headed hydra bites you but does no damage. x4
The eight-headed hydra bites you! The eight-headed hydra bites you.
The eight-headed hydra barely misses you.
The death yak gores you! x2
The eight-headed hydra barely misses you.
The eight-headed hydra bites you but does no damage.
The eight-headed hydra completely misses you.
The eight-headed hydra closely misses you.
The eight-headed hydra bites you but does no damage.
The eight-headed hydra bites you! x2; The eight-headed hydra bites you.
There is a stone staircase leading up, spattered with blood here.
Okay, then.
You feel yourself speed up. The death yak misses you. The death yak gores you!!
* * * LOW HITPOINT WARNING * * *
The eight-headed hydra barely misses you.
The eight-headed hydra closely misses you.
The eight-headed hydra bites you!
* * * LOW HITPOINT WARNING * * *
The eight-headed hydra bites you but does no damage.
The eight-headed hydra barely misses you.
The eight-headed hydra bites you!
* * * LOW HITPOINT WARNING * * *
The eight-headed hydra bites you.
You die...
Your body disappears without a glow.

...... #.....##
#....[P###
##......#.#
#.........##
.........#.#
#......D..#
.......@..#
......YY....#
.............#
........Y....#
............#.#
......[......##
.....?Y....#...
...........P.##


You could see 4 death yaks and an eight-headed hydra.

Vanquished Creatures
  Gastronok (Lair:3)
  4 hydras
  A catoblepas (Lair:4)
  Sonja (Lair:2)
  Amaemon (Lair:1)
  A merfolk siren (Lair:3)
  4 elephants (Lair:1)
  A black mamba (Lair:4)
  An orange demon (Lair:1)
  7 cane toads
  3 komodo dragons
  A rime drake (Lair:2)
  A polar bear (Lair:1)
  3 merfolk (Lair:3)
  14 blink frogs
  4 dream sheep (Lair:3)
  2 wyverns
  22 yaks
  Grum (D:8)
  4 basilisks
  A steam dragon (D:9)
  3 nagas
  8 water moccasins
  An ice beast (D:7)
  5 orc warriors (D:9)
  A swamp drake (D:9)
  3 sky beasts
  A black bear (Lair:2)
  3 ogres
  3 centaurs
  10 wolves
  A kobold brigand (D:8)
  8 bullfrogs
  An elf zombie (Ossuary)
  A necrophage (D:6)
  5 scorpions
  11 wights
  9 killer bees
  2 jellies (D:5)
  4 howler monkeys
  2 centaur zombies (Ossuary)
  5 orc priests (D:9)
  A hound (D:6)
  4 human zombies (Ossuary)
  A gnoll bouda (D:5)
  Jessica (D:2)
  11 orc wizards
  Terence (D:3)
  An iguana (D:7)
  2 mummies (Ossuary)
  13 gnolls
  9 adders
  A white imp (D:8)
  An adder zombie (Ossuary)
  3 dart slugs
  23 orcs
  7 bats
  7 endoplasms
  A giant cockroach (D:1)
  5 goblins
  7 hobgoblins
  2 jackals (D:3)
  4 kobolds
  4 quokkas
  4 ball pythons
  2 frilled lizards (D:1)
  5 hobgoblin zombies (Ossuary)
  2 jackal zombies (Ossuary)
  11 kobold zombies (Ossuary)
  9 orc zombies (Ossuary)
  3 rats
  2 rat zombies (Ossuary)
312 creatures vanquished.

Vanquished Creatures (collateral kills)
  A naga (Lair:3)
  2 wights (D:7)
  A killer bee (Lair:3)
  An iguana (Lair:3)
5 creatures vanquished.

Vanquished Creatures (others)
  A bush (Lair:2)
  12 fungi
  28 plants
41 creatures vanquished.

Grand Total: 358 creatures vanquished

Notes
Turn   | Place    | Note
-------+----------+-------------------------------------------
     0 | D:1      | Zonian the Vine Stalker Ice Elementalist began the quest
                  | for the Orb.
     0 | D:1      | Reached XP level 1. HP: 9/9 MP: 4/4
    76 | D:1      | Reached XP level 2. HP: 13/13 MP: 0/6
   377 | D:1      | Reached skill level 3 in Stealth
   382 | D:1      | Reached XP level 3. HP: 14/16 MP: 0/7
   502 | D:1      | Found a faded altar of an unknown god.
   521 | D:1      | Prayed at the altar of an unknown god.
   521 | D:1      | Became a worshipper of Nemelex Xobeh the Trickster
   521 | D:1      | Reached * piety under Nemelex Xobeh
   521 | D:1      | Received a gift from Nemelex Xobeh
  1159 | D:2      | Gained mutation: Your natural rate of healing is unusually
                  | fast. [Vine Stalker growth]
  1159 | D:2      | Reached XP level 4. HP: 21/21 MP: 6/9
  1232 | D:2      | Reached ** piety under Nemelex Xobeh
  1333 | D:2      | Noticed Jessica
  1347 | D:2      | Killed Jessica
  1628 | D:3      | Noticed Terence
  1982 | D:3      | Found Zuadelah's Vocational Training.
  2220 | D:3      | Found a radiant altar of Vehumet.
  2685 | D:3      | Found a shimmering altar of Xom.
  2879 | D:3      | Killed Terence
  2880 | D:3      | Reached XP level 5. HP: 24/24 MP: 5/10
  3075 | D:4      | Reached skill level 1 in Short Blades
  3075 | D:4      | Reached skill level 4 in Stealth
  3240 | D:4      | Found a burning altar of Makhleb.
  3243 | D:4      | Found an iron altar of Okawaru.
  3305 | D:4      | Received a gift from Nemelex Xobeh
  3390 | D:4      | Noticed an ogre
  3545 | D:4      | Got Fioschib's Compendium of Dynamic Firn
  3550 | D:4      | Learned a level 3 spell: Frozen Ramparts
  3554 | D:4      | Learned a level 3 spell: Ozocubu's Armour
  3932 | D:5      | Entered Level 5 of the Dungeon
  3932 | D:5      | Noticed a centaur
  3934 | D:5      | Reached skill level 5 in Ice Magic
  3934 | D:5      | Reached XP level 6. HP: 28/28 MP: 12/12
  4002 | D:5      | Identified a scroll of acquirement
  4002 | D:5      | Acquired the ring "Ynniraux" {rN+++ AC+4 Str+4 Dex-5}
  4061 | D:5      | Noticed an ice beast
  4073 | D:4      | Found a white marble altar of Elyvilon.
  4073 | D:4      | Found a glowing silver altar of Zin.
  4317 | D:5      | Noticed a sky beast
  4317 | D:5      | an ice beast changed into a sky beast
  4321 | D:5      | Killed a sky beast
  4322 | D:5      | Reached skill level 5 in Stealth
  4322 | D:5      | Reached XP level 7. HP: 32/32 MP: 8/14
  4607 | D:5      | Reached *** piety under Nemelex Xobeh
  4759 | D:5      | Received a gift from Nemelex Xobeh
  4927 | D:5      | Reached skill level 6 in Stealth
  5043 | D:5      | You fall into a shaft and drop 3 floors!
  5112 | D:7      | Gained mutation: You have razor-sharp teeth. [Vine Stalker
                  | growth]
  5112 | D:7      | Reached XP level 8. HP: 32/36 MP: 13/16
  5191 | D:6      | Found a sand-covered staircase.
  5256 | D:6      | Received a gift from Nemelex Xobeh
  5270 | Ossuary  | Entered an ossuary
  5428 | Ossuary  | Reached skill level 5 in Spellcasting
  5586 | Ossuary  | Acquired 465 gold pieces
  5587 | Ossuary  | Acquired a +3 quick blade
  5627 | D:6      | Reached skill level 7 in Stealth
  6023 | D:5      | Reached **** piety under Nemelex Xobeh
  6515 | D:6      | Received a gift from Nemelex Xobeh
  6534 | D:6      | Reached XP level 9. HP: 39/39 MP: 17/19
  6578 | D:6      | Found a basalt altar of Yredelemnul.
  6578 | D:6      | Found a stormy altar of Qazlal.
  6641 | D:6      | Reached skill level 8 in Stealth
  7784 | D:7      | Found a staircase to the Ecumenical Temple.
  7877 | D:7      | Reached skill level 1 in Fighting
  7877 | D:7      | Reached skill level 9 in Stealth
  7880 | D:7      | Found Amehy's Assorted Antiques.
  7894 | D:7      | Bought a scroll labelled DAIRISAAXT for 31 gold pieces
  7895 | D:7      | Bought a scroll of teleportation for 93 gold pieces
  7895 | D:7      | Bought a scroll of teleportation for 93 gold pieces
  7895 | D:7      | Bought a scroll of fear for 124 gold pieces
  8077 | D:7      | Received a gift from Nemelex Xobeh
  8213 | D:7      | Found an opulent altar of Gozag.
  9049 | D:8      | Reached skill level 5 in Short Blades
  9075 | D:8      | Reached XP level 10. HP: 28/49 MP: 15/21
  9139 | D:8      | Learned a level 4 spell: Hailstorm
  9175 | D:8      | Received a gift from Nemelex Xobeh
  9193 | D:8      | Noticed Grum
  9201 | D:8      | Reached skill level 10 in Stealth
  9207 | D:8      | Killed Grum
  9438 | D:8      | Identified the +6 quarterstaff "Pubidwemn" {vorpal, rElec}
  9438 | D:8      | Noticed Joseph
  9538 | D:8      | Reached ***** piety under Nemelex Xobeh
  9789 | D:8      | Noticed Joseph
  9789 | D:8      | Joseph changed into Joseph the howler monkey
  9794 | D:8      | Killed Joseph the howler monkey
  9923 | D:9      | Found a bloodstained altar of Trog.
 10040 | D:9      | Found a sparkling altar of Nemelex Xobeh.
 10412 | D:9      | Received a gift from Nemelex Xobeh
 10510 | D:9      | Found a staircase to the Lair.
 10994 | D:9      | Reached skill level 11 in Stealth
 11069 | D:9      | Found a staircase to the Orcish Mines.
 11424 | Lair:1   | Entered Level 1 of the Lair of Beasts
 11449 | Lair:1   | Reached skill level 5 in Fighting
 11512 | Lair:1   | Noticed a five-headed hydra
 11520 | Lair:1   | Killed a five-headed hydra
 11608 | Lair:1   | Noticed a cane toad
 11611 | Lair:1   | Reached XP level 11. HP: 56/56 MP: 22/22
 11629 | Lair:1   | Noticed Amaemon
 11657 | Lair:1   | Killed Amaemon
 11658 | Lair:1   | Reached skill level 12 in Stealth
 12194 | Lair:1   | Received a gift from Nemelex Xobeh
 12290 | Lair:1   | Reached skill level 13 in Stealth
 12876 | Lair:2   | Found a staircase to the Snake Pit.
 12903 | Lair:2   | Noticed a seven-headed hydra
 12917 | Lair:2   | Killed a seven-headed hydra
 12920 | Lair:2   | Reached skill level 14 in Stealth
 13041 | Lair:2   | Reached XP level 12. HP: 64/64 MP: 23/23
 13173 | Lair:2   | Received a gift from Nemelex Xobeh
 13264 | Lair:2   | Noticed Sonja
 13266 | Lair:2   | Killed Sonja
 13573 | Lair:3   | Reached skill level 15 in Stealth
 13745 | Lair:3   | Found a runed translucent gate.
 13747 | Lair:3   | Found a runed translucent gate.
 13748 | Lair:3   | Found a runed translucent gate.
 13754 | Lair:3   | Noticed greasedhog's ghost (journeyman GrIE)
 13898 | Lair:3   | Received a gift from Nemelex Xobeh
 13953 | Lair:3   | Noticed a four-headed hydra
 13961 | Lair:3   | Killed a four-headed hydra
 14031 | Lair:3   | Reached skill level 10 in Fighting
 14268 | Lair:3   | Found a staircase to the Shoals.
 14412 | Lair:3   | Noticed Gastronok
 14423 | Lair:3   | Killed Gastronok
 14865 | Lair:4   | Received a gift from Nemelex Xobeh
 15200 | Lair:4   | Reached XP level 13. HP: 74/74 MP: 24/24
 15328 | Lair:4   | Reached skill level 1 in Shields
 15594 | Lair:5   | Entered Level 5 of the Lair of Beasts
 16032 | Lair:4   | Reached skill level 1 in Evocations
 16488 | Lair:5   | HP: 1/75 [eight-headed hydra (6)]
 16488 | Lair:5   | Slain by an eight-headed hydra

Illustrated notes

Levels and vault maps discovered:
D:1:      psy_arrival_dodecagon, layout_rooms, ebering_ecumenical_altar_webs
D:2:      layout_basic, uniq_jessica
D:3:      layout_basic, vehumet_crystals, mainiacjoe_overflow_alcove_4,
          nicolae_shop_vocational, uniq_terence
D:4:      layout_loops_ring, nicolae_overflow_hidden_temple,
          chequers_serial_rivers_marsh, kennysheep_generic_room_14
D:5:      layout_basic
D:6:      layout_loops_ring, gammafunk_temple_overflow_wave,
          nicolae_ossuary_entry_false_entrances
D:7:      layout_layer_cave, grunt_gozag_breadcrumbs,
          minmay_temple_entry_drinking_statues, serial_shops,
          nicolae_stop_n_shop_1, dreamdust_princess_corridor
D:8:      layout_cave_pools, uniq_grum, uniq_joseph
D:9:      layout_loops_ring, nemelex_xobeh_ov_fountains_minmay,
          mainiacjoe_overflow_catwalk, lair_entry_dummy, erik_orc_2
Lair:1:   layout_regular_city, serial_bayou_pond_d, uniq_amaemon
Lair:2:   layout_loops_ring, guppyfry_snake_entry_garden, uniq_sonja
Lair:3:   layout_gridlike, elwin_shoals_entry_stream, ebering_ghost_rock_garden,
          grunt_forest_small_clearings, uniq_gastronok
Lair:4:   layout_regular_city, serial_bayou_shore_b
Lair:5:   gammafunk_lair_ancient_temple, layout_cave_pods, slime_entry_1,
          serial_bayou_shore_b, serial_bayou_shore_a, uniq_kirke

Skill      XL: |  1  2  3  4  5  6  7  8  9 10 11 12 13 |
---------------+----------------------------------------+-----
Stealth        | 3 4 5 6 7 9 11 14 15 | 15.0
Dodging        | 2 |  2.3
Spellcasting   | 3 4 6 |  6.7
Short Blades   | 1 2 3 4 5 7 8 |  8.0
Ice Magic      | 5 6 7 |  7.6
Fighting       | 3 5 8 11 12 | 12.0
Shields        | 4 |  4.0
Evocations     | 2 |  2.1

Action                   |  1- 3 |  4- 6 |  7- 9 | 10-12 | 13-15 || total
-------------------------+-------+-------+-------+-------+-------++-------
Melee: Spear             |    18 |       |       |       |       ||    18
       Bite              |    12 |     4 |   111 |   173 |    24 ||   324
       Short sword       |    22 |    30 |   326 |   540 |    59 ||   977
       Punch             |     1 |       |     6 |     8 |       ||    15
 Fire: Sling             |       |       |     3 |    32 |       ||    35
Throw: Dart              |       |     2 |       |       |       ||     2
 Cast: Freeze            |    28 |    11 |       |       |       ||    39
       Frozen Ramparts   |       |       |    16 |    23 |     4 ||    43
       Ozocubu's Armour  |       |       |     3 |     5 |     1 ||     9
Invok: Draw Destruction  |       |     2 |     6 |    14 |     3 ||    25
       Draw Summoning    |       |       |     1 |     1 |       ||     2
       Draw Escape       |       |       |     1 |       |       ||     1
Evoke: Wand              |       |     4 |       |     5 |       ||     9
  Use: Scroll            |     6 |     7 |     8 |     9 |       ||    30
       Potion            |       |       |     2 |     3 |     1 ||     6
 Stab: Sleeping          |     1 |    10 |    15 |    16 |     1 ||    43
       Distracted        |       |     1 |     1 |     4 |       ||     6
       Petrifying        |       |       |     1 |       |       ||     1
Armor: Robe              |    25 |     9 |   100 |   183 |    21 ||   338
Dodge: Dodged            |    46 |    10 |   153 |   291 |    50 ||   550

Table legend: (Time is in decaauts)
 A = Elapsed time spent in this place.
 B = Non-inter-level travel time spent in this place.
 C = Inter-level travel time spent in this place.
 D = Time resting spent in this place.
 E = Time spent auto-exploring this place.
 F = Levels seen in this place.
 G = Mean time per level.
                   A        B        C        D        E       F      G
               +--------+--------+--------+--------+--------+-----+--------+
         Total |  16306 |  15737 |    569 |   3784 |   7741 |  15 | 1087.1 |
       Dungeon |  11046 |  10630 |    416 |   2557 |   5236 |   9 | 1227.3 |
          Lair |   4934 |   4781 |    153 |   1227 |   2505 |   5 |  986.8 |
       Ossuary |    325 |    325 |      0 |      0 |      0 |   1 |  325.0 |
               +--------+--------+--------+--------+--------+-----+--------+

Top non-repeatable levels by time:
  Lair:4: 1642 daAuts
     D:7: 1576 daAuts
     D:9: 1497 daAuts
     D:5: 1452 daAuts
     D:3: 1401 daAuts
     D:6: 1378 daAuts
  Lair:1: 1263 daAuts
  Lair:3: 1220 daAuts
     D:4: 1121 daAuts
     D:8: 947 daAuts
     D:2: 918 daAuts
     D:1: 753 daAuts
  Lair:2: 747 daAuts
 Ossuary: 325 daAuts
  Lair:5: 60 daAuts
